 Dungeon Crawl Stone Soup version 0.30-a0-779-g7971cf19c3 (webtiles) character file.

Game seed: 3192515975969580273

326708 Ijustatesigmund the Tortoise (level 21, -1/150 HPs)
             Began as a Gargoyle Fighter on Feb 17, 2023.
             Was the Champion of Ashenzari.
             Slain by a caustic shrike (5 damage)
             ... on level 2 of the Depths.
             The game lasted 02:01:26 (37190 turns).

Ijustatesigmund the Tortoise (Gargoyle Fighter)    Turns: 37190, Time: 02:01:27

Health: -1/150     AC: 42    Str: 25    XL:     21   Next: 65%
Magic:  40/40      EV: 18    Int: 16    God:    Ashenzari [******]
Gold:   1948       SH:  7    Dex: 11    Spells: 24/50 levels left

rFire   + + .      SeeInvis +    m - +5 demon whip of the Cursed Sky {protect, Self, Melee} (curse)
rCold   + + .      Faith    .    c - +0 buckler "Share My Jealousy" {Fort, Cun} (curse)
rNeg    + + .      Spirit   .    B - +6 plate armour of the Gnostic Negligence {Int+3 Slay+5, Range, Evo} (curse)
rPois   ∞          Reflect  .    H - -2 hat of the Alchemist {rElec rPois rF+ rC+ rN+ Will+ rMut rCorr, Melee, Evo} (curse)
rElec   +          Harm     .    r - +1 cloak "Thunder Perfect Mind" {Stlth+, Comp, Cun} (curse)
rCorr   +          Rampage  .    e - +0 pair of gloves of Desmomancy {Cun, Fort} (curse)
rMut    +          Clarity  +    n - +0 pair of boots "Share My Jealousy" {Elem, Bglg} (curse)
Will    ++...                    o - amulet of Ashenzari's Loss {Regen+, Melee, Comp} (curse)
Stlth   ++                       O - ring of Ashenzari's Mistrust {EV+5, Self, Melee} (curse)
HPRegen 2.05/turn                W - ring "Enigmatic Disgust" {rF+ rC+ Slay+4, Self, Fort} (curse)
MPRegen 0.27/turn

@: about to teleport, corroded, flying, hasted, very quick
A: sickness immunity, AC +16, big wings, negative energy resistance 1,
electricity resistance, torment resistance 1, petrification resistance,
regeneration 1
}: 2/15 runes: serpentine, barnacled
a: Renounce Religion, Shatter the Chains


You were on level 2 of the Depths.
You worshipped Ashenzari.
Ashenzari was exalted by your worship.
You visited 8 branches of the dungeon, and saw 37 of its levels.
You visited 2 bazaars.
You also visited: Gauntlet.

You collected 5998 gold pieces.
You spent 4050 gold pieces at shops.

Inventory:

Hand Weapons
 m - the cursed +5 demon whip of the Cursed Sky (weapon) {protect, Self, Melee}
   (You took it off a hell knight on level 12 of the Dungeon)

   It has a curse which improves the following skills: Introspection: Fighting
   and Spellcasting.
   Melee Combat: Short Blades, Long Blades, Axes, Maces & Flails, Polearms,
   Staves and Unarmed Combat.
Missiles
 s - 5 throwing nets (quivered)
 x - 7 silver javelins
Armour
 c - the cursed +0 buckler "Share My Jealousy" (worn) {Fort, Cun}

   It has a curse which improves the following skills: Fortitude: Armour and
   Shields.
   Cunning:   Dodging and Stealth.
 e - the cursed +0 pair of gloves of Desmomancy (worn) {Cun, Fort}
   (You found it on level 4 of the Dungeon)

   It has a curse which improves the following skills: Cunning: Dodging and
   Stealth.
   Fortitude: Armour and Shields.
 n - the cursed +0 pair of boots "Share My Jealousy" (worn) {Elem, Bglg}
   (You found it on level 3 of the Dungeon)

   It has a curse which improves the following skills: Elements: Fire Magic, Ice
   Magic, Air Magic and Earth Magic.
   Beguiling: Conjurations, Hexes and Translocations.
 r - the cursed +1 cloak "Thunder Perfect Mind" (worn) {Stlth+, Comp, Cun}
   (You found it in a Gauntlet)

   It has a curse which improves the following skills: Companions: Summonings
   and Necromancy.
   Cunning:   Dodging and Stealth.
 u - a +2 pair of gloves of strength
 B - the cursed +6 plate armour of the Gnostic Negligence (worn) {Int+3 Slay+5, Range, Evo}
   (You bought it in a shop on level 8 of the Dungeon)

   Int:       It affects your intelligence (+3).
   Slay:      It affects your accuracy & damage with ranged weapons and melee
   (+5).
   It has a curse which improves the following skills: Ranged Combat: Ranged
   Weapons and Throwing.
   Evocations: Evocations.
 H - the cursed -2 hat of the Alchemist (worn) {rElec rPois rF+ rC+ rN+ Will+ rMut rCorr, Melee, Evo}
   (You found it on level 3 of the Vaults)

   rF:        It protects you from fire.
   rC:        It protects you from cold.
   rElec:     It insulates you from electricity.
   rPois:     It protects you from poison.
   rN:        It protects you from negative energy.
   rCorr:     It protects you from acid and corrosion.
   rMut:      It protects you from mutation.
   Will:      It increases your willpower.
   It has a curse which improves the following skills: Melee Combat: Short
   Blades, Long Blades, Axes, Maces & Flails, Polearms, Staves and Unarmed
   Combat.
   Evocations: Evocations.
Magical Staves
 A - a staff of earth
Jewellery
 l - a ring of fire
 o - the cursed amulet of Ashenzari's Loss (around neck) {Regen+, Melee, Comp}
   (You took it off an orc on level 5 of the Dungeon)

   [amulet of regeneration]

   Regen:     It increases your rate of health regeneration.
   It has a curse which improves the following skills: Melee Combat: Short
   Blades, Long Blades, Axes, Maces & Flails, Polearms, Staves and Unarmed
   Combat.
   Companions: Summonings and Necromancy.
 w - a ring of magical power
 O - the cursed ring of Ashenzari's Mistrust (left hand) {EV+5, Self, Melee}
   (You found it on level 12 of the Dungeon)

   [ring of evasion]

   EV:        It affects your evasion (+5).
   It has a curse which improves the following skills: Introspection: Fighting
   and Spellcasting.
   Melee Combat: Short Blades, Long Blades, Axes, Maces & Flails, Polearms,
   Staves and Unarmed Combat.
 R - a ring of wizardry
 V - a ring of protection from fire
 W - the cursed ring "Enigmatic Disgust" (right hand) {rF+ rC+ Slay+4, Self, Fort}
   (You found it on level 4 of the Snake Pit)

   [ring of slaying]

   Slay:      It affects your accuracy & damage with ranged weapons and melee
   (+4).
   rF:        It protects you from fire.
   rC:        It protects you from cold.
   It has a curse which improves the following skills: Introspection: Fighting
   and Spellcasting.
   Fortitude: Armour and Shields.
 X - the amulet of Brilliance {Acrobat rF- Will++ Regen+ Dex+3}
   (You bought it in a shop on level 2 of the Orcish Mines)

   [amulet of the acrobat]

   It increases your evasion while moving and waiting.
   Dex:       It affects your dexterity (+3).
   rF:        It makes you vulnerable to fire.
   Regen:     It increases your rate of health regeneration.
   Will:      It greatly increases your willpower.
Wands
 z - a wand of flame (16)
 D - a wand of mindburst (26)
 E - a wand of iceblast (21)
 F - a wand of charming (6)
 G - a wand of digging (13)
 K - a wand of polymorph (8)
Scrolls
 d - 4 scrolls of fear
 h - a scroll of brand weapon
 i - a scroll of enchant weapon
 p - 12 scrolls of fog
 q - 3 scrolls of summoning
 t - 3 scrolls of magic mapping
 y - 5 scrolls of amnesia
 C - 6 scrolls of poison
 I - 8 scrolls of teleportation
 L - 4 scrolls of immolation
 M - a scroll of silence
 Z - 8 scrolls of enchant armour
Potions
 a - 2 potions of resistance
 b - 19 potions of curing
 g - 4 potions of mutation
 j - 6 potions of brilliance
 k - 4 potions of attraction
 v - 2 potions of ambrosia
 J - 3 potions of heal wounds
 P - 2 potions of berserk rage
 Q - 3 potions of invisibility
 S - 3 potions of cancellation
 T - 4 potions of flight
 U - 5 potions of haste
 Y - 3 potions of magic
Miscellaneous
 N - a condenser vane


   Skills:
 - Level 16.8(21.8) Fighting
 - Level 14.0(20.2) Maces & Flails
 - Level 4.5(7.0) Ranged Weapons
 - Level 1.4(3.2) Throwing
 - Level 17.0(21.9) Armour
 + Level 10.2(15.3) Dodging
 - Level 8.9(14.0) Stealth
 - Level 7.4(12.5) Shields
 - Level 10.1(15.2) Spellcasting
 - Level 13.1(15.6) Conjurations
 - Level 2.9(6.1) Summonings
 - Level 9.8(13.7) Necromancy
 - Level 5.0(7.6) Translocations
 + Level 7.2(9.9) Fire Magic
 - Level 13.7(16.2) Earth Magic
 - Level 6.5(10.4) Evocations


You had 24 spell levels left.
You knew the following spells:

 Your Spells              Type           Power      Damage    Failure   Level
a - Kiss of Death         Conj/Necr      100%       2d13      1%          1
b - Dispel Undead         Necr           54%        3d20      1%          4
c - Apportation           Tloc           72%        N/A       1%          1
d - Borgnjor's Vile Clut  Necr/Erth      28%        N/A       1%          5
e - Iron Shot             Conj/Erth      29%        9d6       6%          6
f - Blink                 Tloc           72%        N/A       1%          2
g - Lesser Beckoning      Tloc           72%        N/A       1%          2
h - Fireball              Conj/Fire      26%        3d12      4%          5

Your spell library contained the following spells:

 Spells                   Type           Power      Damage    Failure   Level
 Foxfire                  Conj/Fire      100%       2x1d9     1%          1
 Magic Dart               Conj           100%       1d8       1%          1
 Shock                    Conj/Air       100%       1d9       1%          1
 Momentum Strike          Conj/Tloc      98%        3d10      1%          2
 Searing Ray              Conj           100%       2d8       1%          2
 Lee's Rapid Deconstruct  Erth           29%        3d15*     1%          5
 Iskenderun's Mystic Bla  Conj/Tloc      49%        2d11      2%          4
 Dazzling Flash           Conj/Hex       74%        N/A       3%          3
 Gell's Gravitas          Tloc           36%        N/A       3%          3
 Hailstorm                Conj/Ice       37%        3d9       3%          3
 Teleport Other           Tloc           36%        N/A       3%          3
 Call Canine Familiar     Summ           31%        N/A       7%          3
 Kindle Blastsparks       Fire/Tloc/Air  62%        2d15      8%          3
 Leda's Liquefaction      Hex/Erth       19%        N/A       10%         4
 Fulminant Prism          Conj/Hex       18%        3d10      11%         4
 Portal Projectile        Hex/Tloc       48%        N/A       17%         3
 Vhi's Electric Charge    Tloc/Air       48%        N/A       17%         3
 Ignite Poison            Fire/Tmut/Pois 22%        N/A       22%         3
 Starburst                Conj/Fire      26%        6d8       22%         6
 Beastly Appendage        Tmut           24%        N/A       28%         1
 Sting                    Tmut/Pois      48%        1d5       28%         1
 Arcjolt                  Conj/Air       18%        1d28      30%         5
 Poisonous Vapours        Pois/Air       24%        N/A       38%         2
 Wereblood                Tmut           12%        N/A       41%         2
 Confusing Touch          Hex            13%        N/A       58%         3
 Tukima's Dance           Hex            13%        N/A       58%         3
 Freezing Cloud           Conj/Ice/Air   14%        6-21      63%         5
 Spider Form              Tmut/Pois      12%        N/A       65%         3
 Simulacrum               Ice/Necr       17%        N/A       94%         6
 Ice Form                 Ice/Tmut       12%        N/A       95%         4
 Spellforged Servitor     Conj/Summ      23%        N/A       95%         7
 Olgreb's Toxic Radiance  Pois           12%        N/A       96%         4
 Alistair's Intoxication  Tmut/Pois      8%         N/A       100%        5
 Blade Hands              Tmut           6%         N/A       100%        5
 Eringya's Noxious Bog    Tmut/Pois      6%         N/A       100%        6
 Summon Hydra             Summ           15%        N/A       100%        7
 Borgnjor's Revivificati  Necr           27%        N/A       100%        8
 Maxwell's Capacitive Co  Air            6%         ∞         100%        8
 Necromutation            Tmut/Necr      17%        N/A       100%        8
 Death's Door             Necr           27%        N/A       100%        9
 Sublimation of Blood     Necr           Unusable   N/A       N/A         2
 Statue Form              Tmut/Erth      Unusable   N/A       N/A         6

Dungeon Overview and Level Annotations

Branches:
Dungeon (15/15)            Temple (1/1) D:4            Lair (5/5) D:9
 Shoals (4/4) Lair:3        Snake (4/4) Lair:2        Slime (0/5) Lair:5
    Orc (2/2) D:11            Elf (0/3) Orc:2        Vaults (4/5) D:13
  Crypt (0/3) Vaults:3     Depths (2/4) D:15        Gauntlet (visited)

Altars:
Ashenzari
Cheibriados
Dithmenos
Elyvilon
Fedhas
Gozag
Hepliaklqana
Kikubaaqudgha
Makhleb
Nemelex Xobeh
Okawaru
Qazlal
Ru
Sif Muna
Trog
Uskayaw
Vehumet
Wu Jian
Xom
Yredelemnul
Zin
The Shining One
Jiyva

Shops:
D:8 [*[(   Orc:1 [   Orc:2 [*(*   Shoals:1 **   Shoals:4 ?   Snake:3 *
Snake:4 [!*   Vaults:1 =   Depths:1 (

Portals:
Hell: Depths:1 Depths:2
Ziggurat: Depths:2
Trove: Vaults:2 (give +4 shadow dragon scales)


Innate Abilities, Weirdness & Mutations

You are immune to sickness and miasma.
Your stone body is resilient. (AC +16)
You are immune to poison.
Your large and strong wings let you fly.
You resist negative energy. (rN+)
You are resistant to electric shocks. (rElec)
You are resistant to unholy torment.
You are immune to petrification.
Your natural rate of healing is unusually fast.


Message History

* * * LOW HITPOINT WARNING * * *
The acid corrodes you!
You are splashed with acid.
You resist.
* * * LOW HITPOINT WARNING * * *
The spriggan defender hits you with a +3 lajatang of electrocution!
* * * LOW HITPOINT WARNING * * *
You feel much better. The caustic shrike misses you.
The caustic shrike claws you!
* * * LOW HITPOINT WARNING * * *
You are splashed with acid.
You resist.
* * * LOW HITPOINT WARNING * * *
The spriggan defender hits you but does no damage.
The caustic shrike closely misses you.
The spriggan defender hits you but does no damage.
You hear a shout!
There is an open door here.
Aiming: Mindburst
Press: ? - help, Shift-Dir - straight line, f - spriggan defender
Aim: a spriggan defender, wielding a +3 lajatang of electrocution and wearing a +0 robe (berserk, chance to affect: 7%)
Okay, then.
Okay, then.
You feel much better.
The spriggan defender hits you with a +3 lajatang of electrocution.
You block the spriggan defender's attack.
As you read the scroll of teleportation, it crumbles to dust.
You feel strangely unstable.
The spriggan defender completely misses you.
The juggernaut rages.
You block the spriggan defender's attack.
The spriggan defender attacks as you move away!
The spriggan defender completely misses you.
The spriggan defender attacks as you move away!
The spriggan defender hits you but does no damage.
The spriggan defender hits you with a +3 lajatang of electrocution!!
* * * LOW HITPOINT WARNING * * *
The spriggan defender attacks as you move away!
The spriggan defender hits you with a +3 lajatang of electrocution!!
* * * LOW HITPOINT WARNING * * *
The caustic shrike attacks as you move away!
The caustic shrike claws you.
You die...

..##... ###.({###, ,, **
,,, * .# ..p ##.#.{.#.##,
,∆* ,, , .##.|,
##..#{{.#..##,,∆∆**,,,, ,,
..## ∆##...#...#...##∆∆ *
, ...####....#...#....## ,
,,,,
....##..)..#.C.#..)..##.
,, , ,,
...........##{##........,,
, , ,
...........##'##........,
* ,,
...............i@....... *
,,,,
##....########.b.###...#*
, , .......... ......#
#...# *, , ,
.#######.#######.# #...# *
,, , .#### ## ##*####.#
#...# ,, , .##.., . .
,..##.###...# ,,, , .##.#*
#.# #.##..##...# , ,
.##.####.####.##..##.<.#
,,,,
.##.##.....##.##...#...# *
,,, ,


You could see a caustic shrike (berserk) and a spriggan defender (berserk).

Vanquished Creatures
  Bai Suzhen (Snake:3)
  Vashnia (Snake:2)
  A tentacled monstrosity (Vaults:3)
  Mlioglotl (Shoals:1)
  A lich (Depths:1)
  Polyphemus (Shoals:3)
  5 sphinxes
  Kirke (Shoals:1)
  The ghost of Wacat the Cleaver, an adept TrFi of Uskayaw (Snake:4)
  An ancient champion (Vaults:3)
  Agnes (Snake:3)
  A tengu reaver (Depths:1)
  3 nagarajas (Snake:4)
  The ghost of Rrauwl the Devastator, an adept GrCj of Ashenzari (Shoals:2)
  2 fire giants
  11 vault wardens
  A frost giant (Depths:2)
  8 ironbound thunderhulks
  2 reapers (Depths:1)
  15 ironbound preservers
  A war gargoyle (Vaults:4)
  9 stone giants
  9 very ugly things
  Nessos (D:15)
  2 vampire knights (Vaults:3)
  A minotaur (Gauntlet)
  13 dire elephants
  3 ettins
  11 merfolk impalers
  A deep elf high priest (Vaults:4)
  A crystal guardian (Vaults:2)
  4 merfolk javelineers
  A fire dragon (Depths:1)
  6 yaktaur captains
  2 entropy weavers
  8 hydras
  4 great orbs of eyes
  3 ice dragons
  3 vault guards
  2 peacekeepers
  2 ogre magi (Orc:2)
  3 salamander tyrants (Snake:4)
  3 merfolk avatars (Shoals:4)
  6 anacondas
  2 merfolk aquamancers
  2 alligator snapping turtles
  A death knight (D:10)
  Erica (D:11)
  8 ironbound frosthearts
  3 catoblepae
  2 satyrs (Shoals:4)
  12 centaur warriors
  6 tengu warriors
  6 naga warriors
  5 boulder beetles
  13 two-headed ogres
  13 death yaks
  A deep troll earth mage (Vaults:4)
  5 shock serpents
  The ghost of Jicwax the Nimble, a journeyman FeSu of Gozag (Lair:5)
  20 naga sharpshooters
  3 hell hogs (Depths:1)
  A deep elf knight (D:15)
  3 sun demons (Depths:1)
  5 hell knights
  Sonja (D:12)
  5 salamander mystics
  A soul eater (Depths:1)
  4 skysharks
  A sea snake (shapeshifter) (Vaults:3)
  A swamp dragon (shapeshifter) (Depths:2)
  8 sea snakes
  45 deep trolls
  A kraken simulacrum (Shoals:4)
  2 glowing orange brains
  An orange crystal statue (Depths:1)
  A phantasmal warrior (Vaults:3)
  4 harpies (Shoals:4)
  4 naga ritualists
  20 ironbound convokers
  12 wizards
  A mana viper (shapeshifter) (Depths:1)
  10 lindwurms
  2 oklob plants
  5 necromancers
  2 orc sorcerers
  4 deep elf pyromancers
  A wolf spider (D:13)
  7 mana vipers
  A deep elf zephyrmancer (D:13)
  50 ugly things
  A frost giant zombie (Depths:1)
  2 fauns (Shoals:2)
  9 salamanders
  9 cyclopes
  15 manticores
  A sphinx skeleton (Depths:1)
  2 rust devils (D:12)
  3 guardian serpents (Snake:4)
  27 slime creatures
  8 naga magi
  29 black mambas
  7 merfolk sirens
  6 water nymphs
  15 elephants
  11 vault sentinels
  14 cane toads
  3 smoke demons (Depths:1)
  An orange demon (D:12)
  A cane toad (shapeshifter) (D:15)
  A hellion (Depths:1)
  4 gargoyles
  2 rime drakes
  A fire giant skeleton (Depths:1)
  13 komodo dragons
  A kobold demonologist (D:10)
  A spriggan zombie (Depths:1)
  44 yaktaurs
  An efreet (D:15)
  4 tengu conjurers (Depths:1)
  A tyrant leech (Gauntlet)
  5 wind drakes
  2 polar bears
  A meliai (D:10)
  18 trolls
  30 merfolk
  5 hornets (Lair:5)
  15 dream sheep
  5 snapping turtles
  6 water elementals
  A centaur simulacrum (D:15)
  13 spriggans (Lair:5)
  7 wyverns
  A hog (shapeshifter) (D:15)
  47 yaks
  A shadow (D:9)
  2 wraiths
  A steam dragon (D:10)
  4 basilisks
  2 hogs (Shoals:1)
  6 vampire mosquitoes
  5 redbacks
  5 wargs
  32 nagas
  4 swamp worms (Gauntlet)
  6 acid dragons
  Edmund (D:5)
  7 hell hounds (D:12)
  18 water moccasins
  A swamp drake (D:11)
  3 ice beasts
  A sky beast (D:7)
  A floating eye (Depths:1)
  9 orc warriors
  8 black bears
  20 ogres
  8 boggarts
  22 wolves
  15 centaurs
  2 phantoms
  A kobold brigand (D:9)
  12 bullfrogs
  A scorpion (D:6)
  2 necrophages
  5 wights (D:8)
  11 killer bees
  6 electric eels
  10 howler monkeys
  14 orc priests
  7 hounds
  2 iguanas
  14 orc wizards
  Robin (D:1)
  8 gnolls
  5 adders
  A white imp (D:7)
  2 ufetubi
  2 worms (D:2)
  4 dart slugs
  67 orcs
  5 ball pythons
  6 endoplasms
  6 giant cockroaches
  21 goblins
  15 hobgoblins
  5 jackals
  3 quokkas
  3 bats (D:1)
  2 frilled lizards
  17 kobolds
  4 rats
  A tentacle (Shoals:4)
1305 creatures vanquished.

Vanquished Creatures (collateral kills)
  A salamander tyrant (Snake:4)
1 creature vanquished.

Vanquished Creatures (others)
  A merfolk javelineer (Shoals:4)
  A naga sharpshooter (Snake:4)
  A salamander (Snake:4)
  2 snapping turtles (Shoals:4)
  A boggart (Vaults:1)
  An orc wizard (D:11)
  15 demonic plants (Gauntlet)
  6 fungi
  27 plants
  8 tentacles (Shoals:4)
  2 withered plants (Gauntlet)
65 creatures vanquished.

Grand Total: 1371 creatures vanquished

Notes
Turn   | Place    | Note
-------+----------+-------------------------------------------
     0 | D:1      | Ijustatesigmund the Gargoyle Fighter began the quest for
                  | the Orb.
     0 | D:1      | Reached XP level 1. HP: 14/14 MP: 1/1
   410 | D:1      | Reached XP level 2. HP: 17/19 MP: 2/2
   617 | D:1      | Found a faded altar of an unknown god.
   976 | D:2      | Reached XP level 3. HP: 23/23 MP: 3/3
   983 | D:2      | Noticed Robin
   992 | D:2      | Gained mutation: Your natural rate of healing is unusually
                  | fast. [potion of mutation]
  1033 | D:1      | Killed Robin
  1314 | D:1      | Reached XP level 4. HP: 29/29 MP: 4/4
  1450 | D:2      | Reached skill level 4 in Armour
  1735 | D:2      | Found a blossoming altar of Fedhas.
  1896 | D:3      | Reached XP level 5. HP: 33/33 MP: 5/5
  2147 | D:3      | Identified a scroll of acquirement
  2147 | D:3      | Acquired 781 gold pieces
  2735 | D:4      | Reached XP level 6. HP: 36/39 MP: 6/6
  2819 | D:4      | Reached skill level 5 in Fighting
  2830 | D:4      | Found a staircase to the Ecumenical Temple.
  2845 | Temple   | Entered the Ecumenical Temple
  3189 | D:5      | Entered Level 5 of the Dungeon
  3242 | D:5      | Reached XP level 7. HP: 42/45 MP: 7/7
  3370 | D:5      | Reached skill level 5 in Maces & Flails
  3502 | D:5      | Noticed Edmund
  3548 | D:5      | Killed Edmund
  3692 | D:5      | Reached XP level 8. HP: 47/53 MP: 8/8
  4240 | D:6      | Reached skill level 1 in Dodging
  4281 | D:6      | Found a sacrificial altar of Ru.
  4858 | D:7      | Found a broken altar of Ashenzari.
  4900 | D:7      | Became a worshipper of Ashenzari the Shackled
  4936 | D:7      | Reached XP level 9. HP: 42/60 MP: 9/9
  5604 | D:8      | Found a radiant altar of Vehumet.
  5675 | D:8      | Found an iron altar of Okawaru.
  5714 | D:8      | Found Ceodghau's Antique Weapon Shoppe.
  5722 | D:8      | Bought a runed flail for 182 gold pieces
  5728 | D:8      | Found Vittob's Antique Armour Boutique.
  5736 | D:8      | Bought a translucent plate armour for 448 gold pieces
  5736 | D:8      | Identified the +6 plate armour "Uxofineu" {Int+3 Slay+5}
                  | (You bought it in a shop on level 8 of the Dungeon)
  5777 | D:8      | Found a bloodstained altar of Trog.
  5835 | D:8      | Reached skill level 5 in Armour
  5926 | D:8      | Found Uguecliuta's Assorted Antiques.
  5950 | D:8      | Noticed a two-headed ogre
  5956 | D:8      | Reached skill level 6 in Armour
  5961 | D:8      | Killed a two-headed ogre
  5962 | D:8      | Reached skill level 10 in Fighting
  5962 | D:8      | Reached XP level 10. HP: 43/68 MP: 10/10
  5979 | D:8      | Noticed a five-headed hydra
  5995 | D:8      | Bought a smoky yellow potion for 18 gold pieces
  5995 | D:8      | Bought a smoky yellow potion for 18 gold pieces
  5995 | D:8      | Bought a scroll of fear for 80 gold pieces
  6024 | D:8      | Found a white marble altar of Elyvilon.
  6057 | D:8      | Found Xecwodghitz's Antique Armour Boutique.
  6229 | D:8      | Noticed a red ugly thing
  6232 | D:8      | Noticed a brown ugly thing
  6238 | D:8      | Killed a brown ugly thing
  6239 | D:8      | Reached skill level 7 in Armour
  6239 | D:8      | Reached skill level 1 in Evocations
  6245 | D:8      | Killed a brown ugly thing
  6255 | D:8      | Noticed a cyclops
  6265 | D:8      | Killed a cyclops
  6276 | D:8      | Killed a five-headed hydra
  6311 | D:8      | Identified the +2 war axe of the Throat {holy, rPois}
  6311 | D:8      | Noticed a centaur warrior
  6323 | D:8      | Killed a centaur warrior
  6324 | D:8      | Reached skill level 8 in Armour
  6662 | D:9      | Reached XP level 11. HP: 74/74 MP: 11/11
  6787 | D:9      | Reached skill level 10 in Maces & Flails
  7165 | D:9      | Reached * piety under Ashenzari
  7167 | D:9      | Found a staircase to the Lair.
  7188 | D:9      | Reached skill level 1 in Ranged Weapons
  7216 | D:9      | Found a blossoming altar of Fedhas.
  7385 | D:10     | Entered Level 10 of the Dungeon
  7426 | D:10     | Reached skill level 9 in Armour
  7426 | D:10     | Reached skill level 1 in Necromancy
  7681 | D:10     | Found an opulent altar of Gozag.
  7779 | D:10     | Reached ** piety under Ashenzari
  8077 | D:10     | Found a basalt altar of Yredelemnul.
  8185 | D:10     | Noticed a death knight
  8211 | D:10     | Killed a death knight
  8227 | D:10     | Reached skill level 5 in Shields
  8853 | D:11     | Reached XP level 12. HP: 80/80 MP: 12/12
  8861 | D:11     | Noticed Erica
  8875 | D:11     | Killed Erica
  8943 | D:11     | Reached skill level 1 in Summonings
  9336 | D:11     | Noticed a two-headed ogre
  9355 | D:11     | Killed a two-headed ogre
  9401 | D:11     | Found a staircase to the Orcish Mines.
  9420 | D:11     | Reached skill level 10 in Armour
  9482 | D:12     | Found a gate leading to a gauntlet.
  9487 | Gauntlet | Entered a Gauntlet
  9487 | Gauntlet | Found a transporter.
  9498 | Gauntlet | Found a transporter.
  9498 | Gauntlet | Noticed a catoblepas
  9500 | Gauntlet | Found a transporter.
  9524 | Gauntlet | Found a transporter.
  9526 | Gauntlet | Found a transporter.
  9526 | Gauntlet | Identified the +7 spear "Zofoch" {flame, Dex+3}
  9556 | Gauntlet | Found a transporter.
  9569 | Gauntlet | Found a transporter.
  9616 | Gauntlet | Killed a catoblepas
  9639 | Gauntlet | Found a transporter.
  9643 | Gauntlet | Noticed a ghost crab
  9661 | Gauntlet | Found a transporter.
  9681 | Gauntlet | Noticed a ghost crab
  9770 | Gauntlet | Found a transporter.
  9823 | Gauntlet | Found a transporter.
  9826 | Gauntlet | Noticed a green death
  9859 | Gauntlet | Found a transporter.
  9907 | Gauntlet | Reached *** piety under Ashenzari
  9909 | Gauntlet | Found a transporter.
  9911 | Gauntlet | Found a transporter.
  9958 | Gauntlet | Noticed a minotaur
  9967 | Gauntlet | Killed a minotaur
  9973 | Gauntlet | Identified the +5 short sword of Plague {freeze, Contam
                  | rPois rN++ Str+3}
 10038 | D:12     | Reached skill level 1 in Stealth
 10084 | D:12     | Noticed a two-headed ogre
 10093 | D:12     | Killed a two-headed ogre
 10094 | D:12     | Reached skill level 5 in Evocations
 10148 | D:12     | Reached **** piety under Ashenzari
 10151 | D:12     | Learned a level 1 spell: Kiss of Death
 10184 | D:12     | Reached skill level 5 in Dodging
 10223 | D:12     | Noticed a two-headed ogre
 10233 | D:12     | Reached XP level 13. HP: 84/84 MP: 13/13
 10592 | D:12     | Found a runed translucent door.
 10598 | D:12     | Noticed a great orb of eyes
 10643 | D:12     | Noticed Sonja
 10645 | D:12     | Killed Sonja
 11162 | Lair:1   | Entered Level 1 of the Lair of Beasts
 11605 | Lair:1   | Learned a level 4 spell: Dispel Undead
 11725 | Lair:1   | Reached skill level 1 in Throwing
 11843 | Lair:1   | Learned a level 1 spell: Apportation
 12012 | Lair:2   | Reached skill level 1 in Earth Magic
 12037 | Lair:2   | Found a staircase to the Snake Pit.
 12318 | Lair:2   | Reached ***** piety under Ashenzari
 13123 | Lair:3   | Reached skill level 5 in Necromancy
 13299 | Lair:3   | Reached skill level 5 in Earth Magic
 13365 | Lair:3   | Found a staircase to the Shoals.
 13410 | Lair:3   | Found an ornate altar of the Wu Jian Council.
 13573 | Lair:3   | Gained mutation: Your large and strong wings let you fly.
                  | [Gargoyle growth]
 13573 | Lair:3   | Reached XP level 14. HP: 90/90 MP: 14/14
 14402 | Lair:4   | Identified the amulet "Vooley" {RegenMP +Inv rElec Int+3}
 14921 | Lair:5   | Entered Level 5 of the Lair of Beasts
 14954 | Lair:5   | Reached skill level 1 in Spellcasting
 14972 | Lair:5   | Reached skill level 1 in Conjurations
 15240 | Lair:5   | Found the +0 staff of Battle
 15435 | Lair:5   | Reached skill level 5 in Conjurations
 15483 | Lair:5   | Noticed Jicwax's ghost (journeyman FeSu)
 15544 | Lair:5   | Reached XP level 15. HP: 103/103 MP: 25/25
 15567 | Lair:5   | Reached skill level 5 in Spellcasting
 15817 | Lair:5   | Found a viscous altar of Jiyva.
 15838 | Lair:5   | Found a staircase to the Slime Pits.
 15878 | Lair:5   | Found a runed translucent door.
 16163 | Lair:5   | Killed Jicwax's ghost
 16249 | Shoals:1 | Entered Level 1 of the Shoals
 16250 | Shoals:1 | Noticed Mlioglotl
 16268 | Shoals:1 | Killed Mlioglotl
 16660 | Shoals:1 | Found Doymu's CLEARANCE SALE!.
 16746 | Shoals:1 | Found Meczah's General Store.
 16820 | Shoals:1 | Noticed Kirke
 16913 | Shoals:1 | Identified the cursed +1 cloak "Thunder Perfect Mind"
                  | {Stlth+, Comp, Cun} (You found it in a Gauntlet)
 16913 | Shoals:1 | Identified the cursed +0 pair of gloves of Desmomancy {Cun,
                  | Fort} (You found it on level 4 of the Dungeon)
 16913 | Shoals:1 | Identified the cursed +0 pair of boots "Share My Jealousy"
                  | {Elem, Bglg} (You found it on level 3 of the Dungeon)
 16913 | Shoals:1 | Identified the cursed +0 buckler "Share My Jealousy" {Fort,
                  | Cun}
 16913 | Shoals:1 | Identified the cursed ring of Ashenzari's Mistrust {EV+5,
                  | Self, Melee} (You found it on level 12 of the Dungeon)
 16913 | Shoals:1 | Identified the cursed ring of Ashenzari's Burden {Slay+4,
                  | Evo, Melee} (You took it off a minotaur in a Gauntlet)
 16999 | Shoals:1 | Killed Kirke
 17249 | Shoals:2 | Found a flickering gateway to a bazaar.
 17251 | Shoals:2 | Acquired 1077 gold pieces
 17264 | Bazaar   | Entered a bazaar
 17286 | Bazaar   | Found Ahoeble's Book Shop.
 17300 | Bazaar   | Found Harurphia's Book Shop.
 17334 | Bazaar   | Bought Great Wizards, Vol. II for 570 gold pieces
 17334 | Bazaar   | Bought the Tome of Variable Bolts for 660 gold pieces
 17340 | Bazaar   | Learned a level 5 spell: Borgnjor's Vile Clutch
 17347 | Bazaar   | Learned a level 6 spell: Iron Shot
 17831 | Shoals:2 | Found a large runed translucent door.
 17832 | Shoals:2 | Found a large runed translucent door.
 17963 | Shoals:2 | Noticed Rrauwl's ghost (adept GrCj)
 18142 | Shoals:2 | Killed Rrauwl's ghost
 18511 | Shoals:3 | Noticed Polyphemus
 18590 | Shoals:3 | Killed Polyphemus
 18762 | Shoals:3 | Reached ****** piety under Ashenzari
 18961 | Shoals:4 | Entered Level 4 of the Shoals
 19046 | Shoals:4 | Reached XP level 16. HP: 107/114 MP: 30/30
 19083 | Shoals:4 | Reached skill level 10 in Earth Magic
 19579 | Shoals:4 | Got a barnacled rune of Zot
 20298 | Shoals:4 | Reached skill level 15 in Fighting
 20310 | Shoals:4 | Found Pitodeibra's Magic Scroll Shoppe.
 20323 | Shoals:4 | Bought a scroll of teleportation for 51 gold pieces
 20323 | Shoals:4 | Bought a scroll of summoning for 161 gold pieces
 20323 | Shoals:4 | Bought a scroll of teleportation for 51 gold pieces
 20948 | Snake:1  | Entered Level 1 of the Snake Pit
 20948 | Snake:1  | Identified the +6 falchion "Pegotuom" {flame, rC+ Str+4
                  | Stlth+}
 21026 | Snake:1  | Reached skill level 11 in Armour
 21575 | Snake:2  | Noticed Vashnia
 21613 | Snake:2  | Killed Vashnia
 21743 | Snake:2  | Reached XP level 17. HP: 122/122 MP: 31/31
 21820 | Snake:2  | Identified the +7 rapier of Mifinien {heavy, rCorr Str+2}
 21980 | Snake:2  | Identified the +6 war axe "Loedal" {antimagic, rCorr
                  | Stlth+}
 22070 | Snake:2  | Reached skill level 12 in Armour
 22425 | Snake:3  | Found Saulem Mui's Assorted Antiques.
 22524 | Snake:3  | Noticed Agnes
 22532 | Snake:3  | Killed Agnes
 22813 | Snake:3  | Noticed Bai Suzhen
 22835 | Snake:3  | Killed Bai Suzhen
 23290 | Snake:4  | Entered Level 4 of the Snake Pit
 23355 | Snake:4  | Found a flickering gateway to a bazaar.
 23364 | Bazaar   | Entered a bazaar
 23364 | Bazaar   | Found Rungoug's Antique Weapon Emporium.
 23371 | Bazaar   | Found Xouqatt's Magic Scroll Boutique.
 23379 | Bazaar   | Bought a scroll of brand weapon for 66 gold pieces
 23379 | Bazaar   | Bought a scroll of fear for 28 gold pieces
 23379 | Bazaar   | Bought a scroll of fog for 28 gold pieces
 23379 | Bazaar   | Bought a scroll of teleportation for 21 gold pieces
 23379 | Bazaar   | Bought a scroll of poison for 28 gold pieces
 23379 | Bazaar   | Bought a scroll of summoning for 66 gold pieces
 23387 | Bazaar   | Found Odaconis's Antique Armour Boutique.
 23409 | Bazaar   | Found Curch's General Store.
 23417 | Bazaar   | Bought a scroll of enchant weapon for 112 gold pieces
 23417 | Bazaar   | Found Munuawn's Book Shop.
 23425 | Bazaar   | Bought a Necronomicon for 728 gold pieces
 23428 | Bazaar   | Learned a level 2 spell: Blink
 23458 | Bazaar   | Bought a pair of embroidered gloves for 195 gold pieces
 23523 | Snake:4  | Found a runed translucent gate.
 23524 | Snake:4  | Found a runed translucent gate.
 23529 | Snake:4  | Found a runed translucent gate.
 23529 | Snake:4  | Identified the ring "Wumatamm" {rF+ rC+ Slay+4}
 23530 | Snake:4  | Noticed Wacat's ghost (adept TrFi)
 23547 | Snake:4  | Reached skill level 1 in Translocations
 23554 | Snake:4  | Reached skill level 13 in Armour
 23653 | Snake:4  | Killed Wacat's ghost
 23825 | Snake:4  | Found Keibay's Armour Shop.
 23827 | Snake:4  | Found Xasiv Migaf's Distillery.
 23829 | Snake:4  | Found Inotsuz's General Store.
 23835 | Snake:4  | Bought a potion of heal wounds for 70 gold pieces
 24166 | Snake:4  | Identified the +6 hand axe "Opawkeuwk" {distort, rN+ Int+2
                  | SInv}
 24176 | Snake:4  | Reached skill level 14 in Armour
 24231 | Snake:4  | Reached skill level 5 in Translocations
 24295 | Snake:4  | Reached XP level 18. HP: 132/132 MP: 33/33
 24356 | Snake:4  | Got a serpentine rune of Zot
 24447 | Snake:4  | Reached skill level 10 in Conjurations
 24706 | Orc:1    | Entered Level 1 of the Orcish Mines
 24707 | Orc:1    | Found the +8 demon blade "Leech" {evervamp, Harm Drain rN+}
 24749 | Orc:1    | Found Yfeihoawk's Antique Armour Shop.
 25197 | Orc:2    | Entered Level 2 of the Orcish Mines
 25272 | Orc:2    | Found Azocrof's Weapon Shoppe.
 25273 | Orc:2    | Found Tiozuxaa's Antique Armour Emporium.
 25378 | Orc:2    | Found Loreliu's Assorted Antiques.
 25417 | Orc:2    | Bought a polished helmet for 199 gold pieces
 25417 | Orc:2    | Identified the +0 helmet of Wrong Decisions {Str+4 Dex+3}
                  | (You bought it in a shop on level 2 of the Orcish Mines)
 25433 | Orc:2    | Found Uruin's Assorted Antiques.
 25436 | Orc:2    | Bought a sparkling ruby amulet for 95 gold pieces
 25436 | Orc:2    | Identified the amulet of Brilliance {Acrobat rF- Will++
                  | Regen+ Dex+3} (You bought it in a shop on level 2 of the
                  | Orcish Mines)
 25441 | Orc:2    | Bought a kite shield for 175 gold pieces
 25625 | Orc:2    | Found a staircase to the Elven Halls.
 25977 | D:12     | Identified the +7 chain mail of the First Souls {rF+}
 26640 | D:13     | Found a gate to the Vaults.
 28282 | D:15     | Entered Level 15 of the Dungeon
 28285 | D:15     | Noticed Nessos
 28299 | D:15     | Killed Nessos
 28306 | D:15     | Reached skill level 15 in Armour
 28675 | D:15     | Found a staircase to the Depths.
 28744 | D:15     | Identified the +0 scale mail of Zeguasor {Rampage Drain rF-
                  | Int+8}
 29097 | Vaults:1 | Entered Level 1 of the Vaults
 29177 | Vaults:1 | Reached XP level 19. HP: 135/140 MP: 31/37
 29447 | Vaults:1 | Found Leblom's Jewellery Shoppe.
 31079 | Vaults:2 | Reached skill level 16 in Armour
 31410 | Vaults:2 | Reached XP level 20. HP: 72/145 MP: 38/40
 31549 | Vaults:2 | Learned a level 2 spell: Lesser Beckoning
 31591 | Vaults:2 | Found a portal to a secret trove of treasure.
 31904 | Vaults:2 | Reached skill level 10 in Spellcasting
 32637 | Vaults:3 | Found the -2 hat of the Alchemist {rElec rPois rF+ rC+ rN+
                  | Will+ rMut rCorr}
 32715 | Vaults:3 | Reached skill level 5 in Stealth
 33612 | Vaults:3 | Identified the +2 robe of Mutualism {Will- Dex+6}
 33672 | Vaults:3 | Identified the +1 plate armour of Yrurenak {Contam rN+
                  | Int-5 Dex+3}
 33929 | Vaults:3 | Found a staircase to the Crypt.
 34267 | Vaults:4 | Identified the +11 hand axe "Aghe Cohee" {drain, rCorr}
 34299 | Vaults:4 | Reached skill level 17 in Armour
 34723 | Vaults:4 | Learned a level 5 spell: Fireball
 34766 | Vaults:4 | Reached XP level 21. HP: 126/150 MP: 40/40
 34772 | Vaults:4 | Reached skill level 1 in Fire Magic
 35582 | Depths:1 | Entered Level 1 of the Depths
 35794 | Depths:1 | Paralysed by a floating eye for 4 turns
 35851 | Depths:1 | Reached skill level 5 in Fire Magic
 35886 | Depths:2 | Found a gateway to Hell.
 36155 | Depths:1 | Found Curugelu's Weapon Shop.
 36600 | Depths:1 | Reached skill level 10 in Dodging
 37029 | Depths:2 | Found a one-way gateway to a ziggurat.
 37168 | Depths:2 | Noticed a caustic shrike
 37169 | Depths:2 | Noticed a juggernaut
 37172 | Depths:2 | Noticed a juggernaut
 37190 | Depths:2 | HP: 4/150 [spriggan defender/+3 lajatang of electrocution
                  | (27)]
 37190 | Depths:2 | Slain by a caustic shrike

Illustrated notes

Levels and vault maps discovered:
D:1:      co_arrival_square_in_a_square_in_a_square, layout_basic,
          hellmonk_ecumenical_altar_arch_garden, minmay_fountain_box,
          serial_bayou_crossing
D:2:      cheibrodos_greedy_goblins, layout_rooms, basic_altar, uniq_robin
D:3:      layout_rooms, dk_noncrumbling_4, small_statue_intersection,
          grunt_ministairs_12
D:4:      layout_loops_ring, minmay_temple_entry_crystal_x
D:5:      layout_basic, uniq_edmund
D:6:      layout_basic, mainiacjoe_overflow_alcove_1, hangedman_decor_points
D:7:      layout_basic, ashenzari_conservatory_becter,
          chequers_serial_rivers_marsh, solitary_fountain
D:8:      layout_cave_pools, mainiacjoe_overflow_paths, trog_hazing_becter,
          lemuel_round_altar, hellmonk_okawaru_the_only_friend_you_need,
          serial_shops, nicolae_shop_overgrown_old_shop,
          nicolae_shop_statue_plus, shop, nicolae_shop_hallway_plus,
          minmay_evil_grid
D:9:      layout_loops_ring, fedhas_altar_3, david_lair_generic
D:10:     layout_basic, lemuel_round_altar, kennysheep_little_box, minivault_20
D:11:     layout_roguey, erik_orc_1, uniq_erica
D:12:     mludivico_vault, layout_rooms, gauntlet_entry_generic, uniq_sonja
D:13:     cheibrodos_elevator_heist, layout_basic, david_vaults_1
D:14:     layout_cave_pools, minmay_misc_feat_tiny
D:15:     hangedman_depths_entry_try_elsewhere_first, layout_rooms,
          nicolae_kite_square_tiling_tiny, minmay_shattered_shrine, uniq_nessos
Temple:   hellmonk_temple_forest_ring
Lair:1:   layout_cave_pods, st_stairs_6, minivault_25,
          nicolae_quartered_pool_little
Lair:2:   layout_small_grid, guppyfry_snake_entry_garden
Lair:3:   layout_long_grid, minmay_shoals_entry_beasts, st_stairs_11,
          lemuel_centaur_altar
Lair:4:   layout_regular_city, serial_bayou_pond_c, lemuel_fruit_tree
Lair:5:   minmay_lair_end_enchanted_forest, layout_small_grid, slime_entry_1,
          hellmonk_ghost_happy_afterlife, infiniplex_staircase_pool_2,
          serial_bayou_shore_b
Shoals:1: layout_shoals, serial_shops, nicolae_take_the_stairs,
          nicolae_shop_clearance, uniq_mlioglotl, uniq_kirke
Shoals:2: layout_shoals, serial_shops, bzr_entry_lakeside,
          ebering_ghost_disaster_area
Shoals:3: layout_shoals, abandoned_shop, uniq_polyphemus
Shoals:4: shoals_end_grunt_ice, layout_shoals, serial_shops, shop,
          nzn_prometheus_bound
Snake:1:  layout_onion, grunt_megastairs_1
Snake:2:  layout_gridlike, uniq_vashnia
Snake:3:  layout_cave_pods, nicolae_stop_n_shop_1, uniq_bai_suzhen, uniq_agnes
Snake:4:  johnstein_snake_rune_scales, layout_rooms, serial_shops,
          bzr_entry_dummy, ebering_ghost_rock_garden, serial_bayou_shore_b,
          minmay_shop_star
Orc:1:    layout_diamond_mine, serial_shops, nicolae_lakefront_shop,
          dreamdust_deal_with_the_devil
Orc:2:    st_orc_open, layout_diamond_mine, basic_altar, nicolae_orc_rockfall
Vaults:1: nicolae_vaults_little_squares_2, vaults_room_hallway,
          nicolae_vaults_asterisk, nicolae_vaults_stairing_the_circle,
          v_rooms_4, nicolae_vaults_alarming, v_misc_11,
          nicolae_vaults_little_squares_5, nicolae_vaults_ring_of_whatevers,
          vaults_dpeg_encased_lava, nicolae_vaults_little_ls, st_lattice,
          nicolae_vaults_network_periphery, grunt_vaults_trifunnel,
          layout_vaults_maze_snakey, serial_shops, nicolae_shop_stone
Vaults:2: ontoclasm_vaults_decontamination, ontoclasm_vaults_ring_large,
          vaults_room_fours, vaults_dpeg_hooks, hangedman_vaults_cutoff,
          ontoclasm_vaults_chip, nicolae_vaults_shelves_hall,
          grunt_vaults_bifocal, v_rooms_4, ontoclasm_vaults_bender, v_rooms_4,
          grunt_vaults_swirl, vaults_room_pool, ontoclasm_vaults_ligature,
          layout_vaults_big_cross, enter_trove_3
Vaults:3: minmay_crypt_entry_simple_walls, nicolae_vaults_puzzle_piece,
          ontoclasm_vaults_idyll, ontoclasm_vaults_spin, v_misc_18,
          ontoclasm_vaults_shout, hangedman_vaults_cutoff,
          vaults_room_semicircle, layout_vaults_chaotic_city
Vaults:4: nicolae_vaults_circle_grid_a, v_misc_23, grunt_vaults_diagonal,
          vaults_mumra_bighexcomb, ontoclasm_vaults_gateway,
          layout_vaults_quadrants
Depths:1: layout_forbidden_donut, hellmouth_2, hangedman_abyss_or_decor_clamps,
          serial_shops, shop, st_stairs_9, minivault_16,
          kennysheep_generic_room_8
Depths:2: minmay_octo_star, layout_long_grid, enter_ziggurat_a, hell_entry,
          pan_entry, roderic_nine_men_s_morris

Skill      XL: |  1  2  3  4  5  6  7  8  9 10 11 12 13 14 15 16 17 18 19 20 21 |
---------------+----------------------------------------------------------------+-----
Fighting       | 4 5 7 8 10 11 13 14 15 16 | 16.8
Shields        | 4 5 6 7 |  7.4
Armour         | 4 6 8 9 10 11 14 15 16 17 | 17.0
Maces & Flails | 3 4 5 7 8 9 10 11 13 14 | 14.0
Dodging        | 2 3 5 6 8 10 | 10.2
Evocations     | 3 4 5 6 |  6.5
Ranged Weapons | 2 4 |  4.5
Necromancy     | 2 5 6 8 9 |  9.8
Summonings     | 2 |  2.9
Stealth        | 2 3 8 |  8.9
Throwing       | 1 |  1.4
Earth Magic    | 6 7 9 10 11 13 | 13.7
Spellcasting   | 4 6 8 9 10 | 10.1
Conjurations   | 5 9 11 12 13 | 13.1
Translocations | 5 |  5.0
Fire Magic     | 7 |  7.2

Action                     |  1- 3 |  4- 6 |  7- 9 | 10-12 | 13-15 | 16-18 | 19-21 || total
---------------------------+-------+-------+-------+-------+-------+-------+-------++-------
  Melee: Flail             |    99 |   237 |   382 |   640 |    13 |       |       ||  1371
         Morningstar       |       |       |       |       |   423 |       |       ||   423
         Demon whip        |       |       |       |       |   730 |  1712 |  1748 ||  4190
         Unarmed           |       |       |       |       |     7 |       |       ||     7
  Throw: Throwing net      |       |       |       |     2 |       |       |       ||     2
   Cast: Borgnjor's Vile C |       |       |       |       |       |    10 |    18 ||    28
         Iron Shot         |       |       |       |       |       |       |    11 ||    11
         Dispel Undead     |       |       |       |       |       |       |     2 ||     2
         Lesser Beckoning  |       |       |       |       |       |       |     1 ||     1
         Blink             |       |       |       |       |       |       |     1 ||     1
 Invoke: Curse Item        |       |       |     1 |     6 |     5 |     2 |     1 ||    15
         Shatter the Chain |       |       |     1 |       |     1 |     2 |     1 ||     5
  Evoke: Wand              |       |       |       |     5 |     3 |    41 |     7 ||    56
    Use: Potion            |     2 |       |     4 |     7 |     2 |     1 |     5 ||    21
         Scroll            |       |     8 |     9 |       |     9 |     5 |     8 ||    39
   Stab: Invisible         |       |       |     2 |     3 |       |       |       ||     5
         Held in net/web   |       |       |       |     2 |       |       |       ||     2
         Petrified         |       |       |       |       |    15 |       |       ||    15
         Petrifying        |       |       |       |       |     4 |       |       ||     4
         Sleeping          |       |       |       |       |       |       |     2 ||     2
         Distracted        |       |       |       |       |       |       |     1 ||     1
 Armour: Scale mail        |     6 |       |       |       |       |       |       ||     6
         Chain mail        |    77 |   173 |   233 |       |       |       |       ||   483
         Plate armour      |       |       |   190 |   414 |   518 |   865 |  1007 ||  2994
  Dodge: Dodged            |    53 |    91 |   250 |   213 |   549 |   974 |  1097 ||  3227
  Block: Buckler           |    34 |    51 |   127 |   146 |   287 |   518 |   489 ||  1652

Table legend: (Time is in decaauts)
 A = Elapsed time spent in this place.
 B = Non-inter-level travel time spent in this place.
 C = Inter-level travel time spent in this place.
 D = Time resting spent in this place.
 E = Time spent auto-exploring this place.
 F = Levels seen in this place.
 G = Mean time per level.
                   A        B        C        D        E       F      G
               +--------+--------+--------+--------+--------+-----+--------+
         Total |  35263 |  32628 |   2635 |   2075 |  22521 |  40 |  881.6 |
       Dungeon |  13906 |  12360 |   1546 |    569 |   8742 |  15 |  927.1 |
        Temple |    164 |    150 |     14 |      0 |    140 |   1 |  164.0 |
          Lair |   5111 |   4829 |    282 |    395 |   3604 |   5 | 1022.2 |
        Shoals |   4032 |   3782 |    250 |    667 |   2183 |   4 | 1008.0 |
     Snake Pit |   3223 |   3079 |    144 |     32 |   2239 |   4 |  805.8 |
  Orcish Mines |   1020 |    981 |     39 |      0 |    738 |   2 |  510.0 |
        Vaults |   5744 |   5534 |    210 |    297 |   3957 |   4 | 1436.0 |
        Depths |   1372 |   1224 |    148 |     68 |    805 |   2 |  686.0 |
        Bazaar |    199 |    199 |      0 |      0 |    103 |   2 |   99.5 |
      Gauntlet |    487 |    487 |      0 |     47 |      9 |   1 |  487.0 |
               +--------+--------+--------+--------+--------+-----+--------+

Top non-repeatable levels by time:
Vaults:2: 1766 daAuts
    D:10: 1515 daAuts
    D:12: 1450 daAuts
Vaults:1: 1383 daAuts
Vaults:3: 1365 daAuts
Shoals:4: 1353 daAuts
     D:1: 1327 daAuts
  Lair:3: 1246 daAuts
Vaults:4: 1228 daAuts
Depths:1: 1134 daAuts
  Lair:5: 1099 daAuts
     D:8: 1099 daAuts
Shoals:3: 1067 daAuts
  Lair:2: 1037 daAuts
    D:13: 1001 daAuts
